 Dungeon Sprint DCSS version 0.27.1-33-g824d729ab1 (webtiles) character file.

Game seed: 3254220825871960722

700 Hipnos the Unseen (level 7, -2/43 HPs)
             Began as a Gargoyle Brigand on Dec 2, 2021.
             Was a Follower of Okawaru.
             Killed from afar by a smoke demon (20 damage)
             ... with a ball of steam
             ... summoned by a kobold demonologist
             ... in the Dungeon (Sprint I: "Red Sonja").
             The game lasted 00:02:58 (460 turns).

Hipnos the Unseen (Gargoyle Brigand)                 Turns: 460, Time: 00:02:59

Health: -2/43      AC:  7    Str: 14    XL:     7   Next: 65%
Magic:  7/7        EV: 12    Int: 12    God:    Okawaru [*.....]
Gold:   416        SH:  0    Dex: 13    Spells: 6/6 levels left

rFire    . . .     SeeInvis .   a - +2 dagger
rCold    . . .     Faith    .   (no shield)
rNeg     + . .     Spirit   .   b - +0 robe
rPois    ∞         Reflect  .   (no helmet)
rElec    +         Harm     .   c - +0 cloak
rCorr    .         Rampage  .   (no gloves)
Will     .....     NoTele   +   (no boots)
Stlth    ++++++....             (no amulet)
HPRegen  0.14/turn              (no ring)
MPRegen  0.10/turn              (no ring)

@: no status effects
A: sickness immunity, AC +4, negative energy resistance 1, electricity
resistance, torment resistance 1, petrification resistance
a: Renounce Religion, Heroism


You were in the Dungeon.
You worshipped Okawaru.
Okawaru was aware of your devotion.
You visited 1 branch You collected 416 gold pieces.

Inventory:

Hand Weapons
 a - a +2 dagger (weapon)
Armour
 b - a +0 robe (worn)
 c - a +0 cloak (worn)
Scrolls
 k - a scroll of blinking
Potions
 f - a potion of curing
 h - a potion of haste
 i - 2 potions of magic


   Skills:
 + Level 4.2 Fighting
 + Level 4.3 Short Blades
 * Level 6.4 Throwing
 + Level 1.8 Dodging
 * Level 15.6 Stealth


You had 6 spell levels left.
You didn't know any spells.
Your spell library was empty.

Dungeon Overview and Level Annotations

Branches:
Dungeon (1/1)

Altars:
Cheibriados
Dithmenos
Elyvilon
Fedhas
Gozag
Hepliaklqana
Kikubaaqudgha
Makhleb
Nemelex Xobeh
Okawaru
Qazlal
Ru
Sif Muna
Trog
Uskayaw
Vehumet
Wu Jian
Xom
Yredelemnul
Zin
The Shining One
Jiyva
Lugonu

Shops:
D :


Innate Abilities, Weirdness & Mutations

You are immune to sickness and miasma.
Your stone body is resilient. (AC +4)
You are immune to poison.
You resist negative energy. (rN+)
You are resistant to electric shocks. (rElec)
You are resistant to unholy torment.
You are immune to petrification.


Message History

Press: ? - help, Q - select action, (/) - cycle Shift-Dir - straight line, f/p - kobold demonologist
Aim: a kobold demonologist, wielding a +0 dagger and wearing a +0 robe (moderately wounded, poisoned, 53% to hit)
You throw a curare-tipped dart.
The curare-tipped dart hits the kobold demonologist.
The kobold demonologist looks even sicker.
The kobold demonologist convulses.
The kobold demonologist seems to slow down.
The kobold demonologist is heavily wounded.
The hellwing hits you. The hellwing barely misses you.
The smoke demon hits you but does no damage. x2
The smoke demon barely misses you.
The kobold demonologist closely misses you.
Drop what? 9/52 slots (_ for help) (? for menu, Esc to quit)
Okay, then.
Throw: dart (curare)
Press: ? - help, Q - select action, (/) - cycle Shift-Dir - straight line, f/p - kobold demonologist
Aim: a kobold demonologist, wielding a +0 dagger and wearing a +0 robe (heavily wounded, very poisoned, slow, 53% to hit)
You throw a curare-tipped dart.
The curare-tipped dart hits the kobold demonologist.
The kobold demonologist looks as sick as possible!
The kobold demonologist convulses.
The kobold demonologist seems to be slow for longer.
The kobold demonologist is severely wounded.
The smoke demon hits you. The smoke demon barely misses you.
The smoke demon hits you but does no damage.
The hellwing hits you.
The hellwing hits you but does no damage.
The smoke demon barely misses you.
The smoke demon hits you but does no damage. x2
The hellwing swoops through the air toward you!
The hellwing hits you!
* * * LOW HITPOINT WARNING * * *
The hellwing hits you!
* * * LOW HITPOINT WARNING * * *
You feel much better. The hellwing completely misses you.
The hellwing hits you!
The kobold demonologist mumbles some strange words.
The smoke demon gestures at you. The ball of steam hits you!!
You die...

######################
..').#..'..#__#.3KK45#
).#..'..#..'..'4@#(55#
####'#####'#__####45.+
###..#...#.#### ####
__####..##)#
_____##'#_.+
_.∩..†'..._#
_..__##_.#'#
_____###+#)# ######
###


You could see a hellwing (summoned), 2 kobold demonologists, a smoke demon
(summoned), a red devil (summoned) and a crimson imp (summoned).

Vanquished Creatures
  A slime creature (D)
  Sigmund (D)
  A yak (D)
  A floating eye (D)
  An ogre (D)
  A jelly (D)
  Ijyb (D)
7 creatures vanquished.

Notes
Turn   | Place    | Note
-------+----------+-------------------------------------------
     0 | D        | Hipnos the Gargoyle Brigand began the quest for the Orb.
     0 | D        | Reached XP level 1. HP: 12/12 MP: 1/1
     1 | D        | Noticed Ijyb
     8 | D        | Killed Ijyb
     9 | D        | Reached skill level 1 in Dodging
     9 | D        | Reached skill level 7 in Stealth
     9 | D        | Reached XP level 2. HP: 18/18 MP: 2/2
     9 | D        | Reached XP level 3. HP: 22/22 MP: 3/3
    60 | D        | Noticed an ogre
    73 | D        | Killed an ogre
    74 | D        | Reached skill level 10 in Stealth
    74 | D        | Reached XP level 4. HP: 7/28 MP: 4/4
   298 | D        | Noticed Sigmund
   310 | D        | Killed Sigmund
   311 | D        | Reached skill level 12 in Stealth
   311 | D        | Reached XP level 5. HP: 32/32 MP: 5/5
   311 | D        | Reached XP level 6. HP: 37/37 MP: 6/6
   345 | D        | Found an ornate altar of the Wu Jian Council.
   345 | D        | Found a shimmering blue altar of Sif Muna.
   347 | D        | Found a radiant altar of Vehumet.
   352 | D        | Reached skill level 13 in Stealth
   361 | D        | Found Xissi's Book Emporium.
   361 | D        | Found an ancient bone altar of Kikubaaqudgha.
   361 | D        | Found a hazy altar of Hepliaklqana.
   361 | D        | Found a stormy altar of Qazlal.
   361 | D        | Found a hide-covered altar of Uskayaw.
   361 | D        | Found a blossoming altar of Fedhas.
   361 | D        | Found a bloodstained altar of Trog.
   361 | D        | Found an iron altar of Okawaru.
   361 | D        | Found a basalt altar of Yredelemnul.
   361 | D        | Found a glowing golden altar of the Shining One.
   361 | D        | Found a snail-covered altar of Cheibriados.
   361 | D        | Found a sacrificial altar of Ru.
   361 | D        | Found a glowing silver altar of Zin.
   361 | D        | Found a shadowy altar of Dithmenos.
   361 | D        | Found a white marble altar of Elyvilon.
   361 | D        | Noticed a yak
   362 | D        | Found an opulent altar of Gozag.
   363 | D        | Killed a yak
   364 | D        | Reached skill level 5 in Throwing
   364 | D        | Reached skill level 14 in Stealth
   364 | D        | Found a sparkling altar of Nemelex Xobeh.
   369 | D        | Became a worshipper of Warmaster Okawaru
   404 | D        | Found a burning altar of Makhleb.
   404 | D        | Found a viscous altar of Jiyva.
   404 | D        | Found a shimmering altar of Xom.
   404 | D        | Found a corrupted altar of Lugonu.
   404 | D        | Noticed a slime creature
   407 | D        | Killed a slime creature
   408 | D        | Reached skill level 15 in Stealth
   408 | D        | Reached XP level 7. HP: 43/43 MP: 7/7
   439 | D        | Noticed a kobold demonologist
   440 | D        | Noticed a kobold demonologist
   441 | D        | Noticed a hellwing
   448 | D        | Noticed a chaos spawn
   448 | D        | Paralysed by a floating eye for 2 turns
   455 | D        | Noticed a smoke demon
   456 | D        | Reached * piety under Okawaru
   460 | D        | Killed from afar by a smoke demon

Illustrated notes

Levels and vault maps discovered:
D:        dungeon_sprint_1 [red_sonja_temple_1, red_sonja_temple_small_1]

Skill      XL: |  1  2  3  4  5  6 |
---------------+-------------------+-----
Short Blades   | 2 3 4 |  4.3
Throwing       | 2 3 4 6 |  6.4
Dodging        | 1 |  1.8
Stealth        | 7 10 12 15 | 15.6
Fighting       | 3 4 |  4.2

Action                   |  1- 3 |  4- 6 |  7- 9 || total
-------------------------+-------+-------+-------++-------
Melee: Dagger            |     5 |     3 |     6 ||    14
Throw: Dart              |     4 |     5 |    10 ||    19
  Use: Potion            |     1 |       |     1 ||     2
 Stab: Sleeping          |       |     3 |       ||     3
Armor: Robe              |       |       |    12 ||    12
Dodge: Dodged            |     2 |     1 |     9 ||    12
